Map: Thunderbird LE

Players

GunGFuBanDa - Winner!

  • Race: Protoss Protoss
  • Spawn Location: 11:00

BratOK (Brat_OK)

  • Race: Terran Terran
  • Spawn Location: 5:00

Event: 2019 WCS Summer

VOD

Have the link to the VOD?

Description

Time

  • Played on: July 12, 2019, 10:36 a.m.
  • Length: 17:08

All games in this series

Show
View Real Time Build Order
Export as new Build Order

GunGFuBanDa Protoss - Winner!

Build Orders: 1 Gate Expand, Blink Stalkers 

Get SALT Encoding   

  12  0:00  Probe  
  13  0:12  Probe  
  14  0:17  Pylon  
  14  0:23  Probe  
  15  0:31  Probe  
  16  0:37  Gateway  
  16  0:39  Probe  
  16  0:46  Assimilator  
  17  0:51  Probe  
  18  1:03  Probe  
  19  1:15  Probe  
  20  1:22  Nexus  
  20  1:31  Probe  
  21  1:34  Cybernetics Core  
  21  1:44  Probe  
  21  1:45  Assimilator  
  22  1:50  Pylon  
  22  1:56  Probe  
  22  2:00  Adept  
  23  2:05  Probe  
  23  2:11  Warp Gate  
  23  2:14  Probe  
  27  2:23  Probe  
  28  2:31  Sentry, Probe  
  28  2:35  Probe  
  32  2:39  Probe  
  32  2:42  Twilight Council  
  33  2:47  Probe  
  33  2:49  Probe  
  34  2:55  Pylon  
  34  2:57  Stalker  
  37  2:59  Probe  
  37  3:01  Probe  
  39  3:09  Probe, Blink  
  39  3:11  Probe  
  40  3:16  Gateway  
  40  3:19  Probe  
  41  3:21  Gateway  
  41  3:24  Probe  
  43  3:29  Stalker  
  43  3:32  Probe  
  46  3:40  Probe  
  46  3:41  Robotics Facility  
  46  3:43  Probe  
  46  3:44  Assimilator  
  48  3:48  Probe  
  48  3:52  Pylon  
  49  3:55  Probe  
  49  4:01  Probe  
  51  4:13  Pylon  
  51  4:14  Nexus  
  51  4:17  Stalker x2  
  51  4:21  Stalker  
  57  4:27  Shield Battery  
  57  4:38  Probe  
  58  4:40  Observer  
  58  4:43  Stalker x2  
  58  4:44  Stalker  
  65  4:59  Observer  
  61  5:10  Stalker  
  61  5:11  Probe  
  62  5:14  Warp Prism  
  62  5:19  Probe  
  62  5:22  Probe  
  62  5:26  Forge  
  62  5:27  Probe  
  66  5:30  Probe  
  66  5:34  Probe  
  69  5:36  Pylon  
  69  5:37  Probe  
  69  5:38  Probe  
  71  5:45  Sentry, Zealot  
  71  5:46  Zealot, Probe  
  71  5:48  Probe  
  71  5:49  Probe  
  78  5:58  Probe  
  78  6:00  Probe  
  78  6:02  Probe  
  81  6:08  Stalker  
  81  6:09  Stalker x2  
  81  6:10  Probe  
  88  6:12  Probe  
  88  6:14  Probe  
  88  6:15  Protoss Ground Weapons Level 1  
  88  6:18  Probe  
  89  6:24  Probe  
  90  6:26  Probe x2  
  89  6:35  Observer  
  89  6:36  Probe  
  89  6:37  Probe x2  
  88  6:44  Probe  
  88  6:48  Sentry, Zealot  
  88  6:51  Gateway x2  
  88  6:52  Pylon  
  88  6:54  Gateway, Pylon  
  93  6:56  Pylon  
  93  7:01  Assimilator  
  93  7:02  Assimilator  
  93  7:07  Pylon  
  93  7:09  Assimilator, Immortal  
  93  7:10  Probe x3, Robotics Bay  
  100  7:16  Zealot  
  100  7:17  Zealot x2  
  108  7:22  Probe x2  
  108  7:23  Probe  
  108  7:35  Probe x2  
  108  7:36  Probe  
  111  7:38  Immortal  
  111  7:39  Zealot  
  113  7:47  Probe x2  
  119  7:55  Extended Thermal Lance  
  119  8:02  Gateway, Nexus  
  119  8:03  Stalker  
  119  8:04  Pylon  
  121  8:05  Probe  
  121  8:06  Probe, Gateway, Pylon  
  121  8:08  Colossus, Pylon  
  123  8:18  Probe  
  124  8:22  Protoss Ground Weapons Level 2  
  124  8:25  Pylon  
  124  8:26  Pylon  
  130  8:27  Templar Archives  
  130  8:29  Gateway  
  130  8:31  Gateway  
  130  8:49  Zealot x4  
  138  8:56  Disruptor  
  138  8:57  Pylon  
  138  9:05  High Templar  
  138  9:06  High Templar x3  
  149  9:12  Photon Cannon, Probe x2, Pylon  
  149  9:13  Probe  
  149  9:15  Photon Cannon  
  152  9:17  Probe  
  152  9:23  Disruptor  
  153  9:24  Probe  
  153  9:25  Probe, Archon x2  
  153  9:28  Gravitic Drive  
  155  9:35  Stargate  
  150  9:40  Stalker x2, Zealot x4  
  150  9:41  Zealot x4  
  150  9:45  Assimilator  
  170  9:49  Assimilator  
  170  9:52  Disruptor  
  170  9:53  Photon Cannon  
  170  9:55  Shield Battery  
  169  10:02  Stalker x3  
  169  10:07  Charge  
  175  10:30  Probe x2  
  173  10:37  Probe x2  
  173  10:38  Pylon  
  173  10:40  Zealot x5, High Templar x2  
  173  10:41  Zealot x3  
  195  10:43  Protoss Ground Weapons Level 3  
  195  10:47  Archon, Immortal  
  196  11:00  Stalker  
  196  11:03  Fleet Beacon  
  198  11:04  Probe  
  198  11:05  Probe  
  198  11:10  Nexus  
  196  11:22  Probe, Zealot x2  
  196  11:25  Archon  
  196  11:42  Gravitic Boosters  
  196  11:44  Zealot x2  
  200  11:53  Dark Shrine  
  196  12:03  Protoss Air Weapons Level 1  
  196  12:04  Zealot  
  196  12:05  Zealot  
  195  12:25  Zealot x5, Carrier  
  173  12:31  Warp Prism  
  131  12:44  Pylon  
  131  12:45  Stalker x8  
  131  12:46  Stalker x2  
  113  13:01  Probe x3  
  113  13:02  Probe x2, Robotics Facility  
  113  13:04  Robotics Facility  
  113  13:05  Assimilator  
  118  13:07  Assimilator  
  118  13:11  High Templar x6  
  118  13:12  Sentry, Zealot x3  
  138  13:15  Observer, Immortal  
  138  13:20  Carrier  
  138  13:21  Archon  
  138  13:22  Archon x2  
  138  13:25  Probe x3, Protoss Shields Level 1  
  138  13:26  Shield Battery  
  141  13:28  Photon Cannon  
  141  13:31  Photon Cannon  
  151  13:39  Probe  
  151  13:40  Zealot  
  154  13:47  Immortal  
  154  13:49  Immortal x2  
  154  13:53  Zealot x9  
  148  14:11  Stalker  
  148  14:13  Colossus  
  132  14:19  Zealot x3  
  132  14:20  Stalker, Zealot x2  
  132  14:21  Stalker, Observer  
  132  14:22  Stalker x2  
  140  14:26  Immortal  
  149  14:34  Probe  
  137  14:38  Probe  
  137  14:39  Probe x2  
  137  14:41  Observer  
  137  14:45  High Templar x3  
  144  14:46  Sentry, High Templar x3  
  144  14:47  Zealot x3  
  144  14:48  Probe  
  144  14:50  Archon  
  144  14:51  Archon x2  
  161  14:56  Warp Prism  
  161  14:57  Probe x2  
  163  15:05  Warp Prism  
  163  15:13  High Templar x4  
  158  15:15  Carrier  
  164  15:22  Archon x2  
  164  15:23  Stalker x3  
  164  15:24  Stalker, Zealot  
  164  15:28  Stalker  
  172  15:42  Probe x2  
  166  15:45  Zealot x4, Dark Templar  
  176  15:50  Disruptor  
  179  16:05  Probe x2  
  175  16:22  Nexus  
  175  16:28  Immortal  
  167  16:33  Observer  
  167  16:36  Zealot x5  
  167  16:37  Stalker x5  
  185  16:44  Observer  
  160  17:08  Stalker x10  
Show
View Real Time Build Order
Export as new Build Order

BratOK Terran 

Build Orders: Liberator Opening, Mech 

Get SALT Encoding   

  12  0:00  SCV  
  13  0:13  SCV  
  14  0:17  Supply Depot  
  14  0:25  SCV  
  15  0:38  SCV  
  15  0:40  Barracks  
  16  0:43  Refinery  
  16  0:50  SCV  
  17  1:03  SCV  
  18  1:15  SCV  
  19  1:27  Barracks Reactor  
  19  1:28  Orbital Command  
  19  1:45  Command Center  
  19  1:56  SCV  
  19  1:58  Supply Depot  
  20  2:04  Marine x2  
  22  2:08  SCV  
  22  2:14  Factory  
  23  2:20  SCV  
  23  2:22  Marine x2  
  26  2:32  SCV  
  26  2:35  Refinery  
  26  2:40  Marine x2  
  28  2:47  SCV  
  29  2:59  Orbital Command, SCV  
  29  3:01  Widow Mine, Starport  
  32  3:09  Marine  
  32  3:10  Marine  
  34  3:14  SCV  
  35  3:22  Widow Mine  
  35  3:25  SCV  
  38  3:27  Supply Depot  
  38  3:29  Marine x2  
  38  3:33  SCV  
  41  3:37  SCV  
  41  3:40  Medivac  
  44  3:43  Widow Mine  
  46  3:49  SCV x2  
  46  3:53  Liberator  
  48  3:59  Supply Depot  
  48  4:02  SCV x2  
  50  4:05  Factory Tech Lab  
  50  4:17  Command Center, SCV  
  53  4:21  SCV  
  53  4:22  Supply Depot  
  53  4:23  Siege Tank  
  58  4:28  Marine x2  
  58  4:30  SCV  
  61  4:33  SCV  
  61  4:42  SCV  
  61  4:46  Marine  
  61  4:52  Marine  
  62  5:05  SCV x2  
  61  5:07  Viking  
  61  5:12  Refinery  
  61  5:13  Siege Tank  
  61  5:14  Marine x2, Refinery  
  62  5:18  SCV x2  
  62  5:28  Supply Depot  
  62  5:30  SCV x2  
  62  5:32  Marine x2, Engineering Bay  
  66  5:40  Factory  
  66  5:41  Starport Tech Lab  
  66  5:42  SCV x2  
  68  5:43  Factory  
  68  5:48  Siege Tank  
  71  5:52  Supply Depot  
  71  5:54  SCV  
  71  5:56  SCV  
  73  6:01  Marine x2  
  74  6:12  SCV x2  
  75  6:27  Siege Tank  
  75  6:29  SCV  
  75  6:31  Command Center  
  79  6:34  Orbital Command  
  79  6:36  Starport Reactor  
  79  6:39  SCV  
  77  6:44  Siege Tank, Hellion  
  77  6:45  Hellion  
  81  6:49  Orbital Command  
  81  6:51  SCV  
  81  6:53  SCV  
  83  6:57  Missile Turret  
  83  6:58  Missile Turret  
  83  6:59  Siege Tank  
  83  7:00  Missile Turret  
  86  7:03  SCV  
  86  7:05  SCV  
  86  7:06  Hellion  
  86  7:07  Hellion  
  92  7:17  Missile Turret, SCV x2  
  92  7:18  SCV  
  92  7:20  Viking  
  92  7:21  Siege Tank  
  92  7:22  Missile Turret  
  100  7:24  Refinery  
  100  7:29  SCV  
  101  7:30  Refinery  
  101  7:35  Supply Depot  
  101  7:36  Armory, Supply Depot  
  101  7:41  Supply Depot  
  101  7:43  Siege Tank, SCV x3  
  107  7:53  Armory  
  107  7:54  Hellion  
  109  8:00  SCV x2  
  109  8:01  Orbital Command  
  109  8:02  Siege Tank  
  109  8:03  Hellion, Supply Depot  
  109  8:05  SCV  
  117  8:12  SCV  
  118  8:15  Factory, Hellion, SCV  
  118  8:16  Factory  
  118  8:17  SCV  
  122  8:21  Starport Reactor  
  122  8:23  Missile Turret  
  122  8:26  SCV  
  123  8:30  Siege Tank, Terran Vehicle Weapons Level 1  
  126  8:34  Siege Tank  
  126  8:35  Sensor Tower  
  126  8:36  SCV  
  126  8:41  Missile Turret, SCV  
  130  8:42  Terran Vehicle And Ship Armor Level 1  
  130  8:44  Missile Turret  
  130  8:48  SCV x3  
  133  8:53  Hellion x2  
  138  9:03  Supply Depot  
  138  9:07  Supply Depot  
  138  9:08  Factory Tech Lab  
  138  9:09  Siege Tank x2, Viking x2  
  148  9:10  Hellion  
  148  9:15  Orbital Command  
  150  9:22  Missile Turret  
  150  9:25  Infernal Pre-Igniter  
  150  9:34  SCV x2  
  152  9:45  Factory  
  152  9:46  Refinery, Factory  
  152  9:47  SCV, Factory  
  152  9:50  Refinery  
  152  9:51  Siege Tank x3, Missile Turret  
  152  9:52  Missile Turret  
  162  9:54  Missile Turret  
  162  9:59  Hellion x9  
  162  10:02  Missile Turret  
  162  10:03  Missile Turret  
  162  10:04  Mag-Field Accelerator  
  162  10:15  Missile Turret x2  
  162  10:23  Siege Tank  
  165  10:36  Factory Tech Lab x2, Factory Reactor  
  165  10:43  Viking x2  
  165  10:46  Terran Vehicle Weapons Level 2, Terran Vehicle And Ship Armor Level 2  
  165  10:47  Starport x2  
  167  10:52  Siege Tank, Hellion  
  172  11:05  Supply Depot  
  172  11:07  Supply Depot  
  172  11:08  Supply Depot  
  172  11:10  Siege Tank, Hellion x2  
  179  11:14  Hellion x2  
  178  11:19  Viking  
  180  11:27  Siege Tank x2  
  180  11:29  Siege Tank  
  189  11:39  Command Center  
  189  11:44  Missile Turret, Cyclone x2  
  191  11:48  Hellion x3  
  190  11:59  Cyclone x2  
  196  12:01  Cyclone  
  196  12:05  Missile Turret  
  199  12:14  Smart Servos  
  199  12:16  Starport Reactor  
  199  12:17  Starport Reactor  
  199  12:27  Siege Tank x2  
  199  12:28  Hellion  
  179  12:32  Siege Tank, Hellion  
  179  12:34  Cyclone x2  
  179  12:35  Widow Mine x4  
  135  12:48  Drilling Claws  
  135  12:49  Widow Mine  
  128  12:55  Widow Mine  
  119  12:59  Cyclone x2  
  119  13:04  Cyclone  
  128  13:11  Cyclone x2  
  136  13:12  Widow Mine  
  136  13:20  SCV  
  136  13:23  Liberator  
  137  13:27  SCV x2  
  137  13:28  SCV  
  137  13:32  SCV  
  141  13:39  SCV x2  
  141  13:40  Cyclone x2  
  152  14:00  Cyclone x2  
  142  14:03  Cyclone  
  142  14:04  Widow Mine  
  142  14:08  Widow Mine x2  
  131  14:12  Cyclone x2, Terran Vehicle And Ship Armor Level 3  
  128  14:17  Widow Mine  
  130  14:27  Widow Mine  
  130  14:28  Widow Mine  
  133  14:32  Cyclone  
  133  14:33  Cyclone  
  133  14:35  Cyclone  
  135  14:44  Cyclone  
  138  14:46  Cyclone  
  138  14:47  Widow Mine x3  
  147  15:01  Widow Mine x3  
  147  15:04  Cyclone  
  147  15:05  Cyclone  
  147  15:07  Cyclone  
  147  15:08  Widow Mine  
  147  15:09  Widow Mine  
  147  15:13  Widow Mine  
  140  15:16  Cyclone  
  140  15:18  Widow Mine  
  141  15:22  Widow Mine  
  134  15:37  Cyclone x2  
  134  15:39  Cyclone x2  
  134  15:40  Widow Mine  
  133  15:48  Cyclone  
  121  16:05  Widow Mine x2  
  121  16:09  Cyclone x2  
  131  16:11  Cyclone  
  131  16:12  Cyclone  
  131  16:18  Hellion x2  
  131  16:21  Cyclone  
  122  16:32  Widow Mine  
  120  16:39  Command Center  
Tags
 
Add a new tag
Caveats
  • Supply blocks, unpowered buildings, or Contaminate may cause inaccurate times.
  • Supply counts are checked every 10 seconds.